 Dungeon Crawl Stone Soup version 0.32-a0-7-ge934b4519a (webtiles) character file.

Game seed: 7686323629452053064

79 jasper the Slasher (level 4, 0/33 HPs)
             Began as a Vampire Gladiator on Jan 13, 2024.
             Slain by a goblin
             ... wielding a +0 club
             ... led by Robin
              (3 damage)
             ... on level 1 of the Dungeon.
             The game lasted 00:02:21 (1365 turns).

jasper the Slasher (Vampire Gladiator)              Turns: 1365, Time: 00:02:22

Health: 0/33       AC:  6    Str: 13    XL:     4   Next: 16%
Magic:  13/13      EV: 13    Int: 10    God:
Gold:   62         SH:  0    Dex: 17    Spells: 3/3 levels left

rFire   . . .        a - +1 long sword
rCold   . . .        (no shield)
rNeg    . . .        b - +0 leather armour
rPois   +            c - +0 helmet
rElec   .            (no cloak)
rCorr   .            (no gloves)
SInv    +            p - +1 pair of boots
Will    .....        (no amulet)
Stlth   +            i - ring of poison resistance
HPRegen 0.45/turn    q - ring of magical power
MPRegen 0.13/turn

%: no passive effects
@: healing quickly
A: alive, fangs 3, see invisible, vampiric 2
a: Exsanguinate


You were on level 1 of the Dungeon.
You visited 1 branch of the dungeon, and saw 2 of its levels.

You collected 62 gold pieces.

Inventory:

Hand Weapons
 a - a +1 long sword (weapon)
Missiles
 d - 3 throwing nets (quivered)
 e - a javelin
Armour
 b - a +0 leather armour (worn)
 c - a +0 helmet (worn)
 p - a +1 pair of boots (worn)
Jewellery
 i - a ring of poison resistance (left hand)
 q - a ring of magical power (right hand)
Scrolls
 f - a scroll of teleportation
 g - a scroll of fear
Potions
 h - 3 potions of curing
 j - a potion of haste {unknown}
 m - a potion of degeneration {unknown}
 r - a potion of ambrosia {unknown}


   Skills:
 - Level 1.7 Fighting
 + Level 5.0 Long Blades
 - Level 1.5 Throwing
 - Level 3.2 Dodging


You had 3 spell levels left.
You didn't know any spells.
Your spell library was empty.

Dungeon Overview and Level Annotations

Branches:
Dungeon (2/15)

Altars:

Annotations:
D:1 Robin
D:2 Jessica


Innate Abilities, Weirdness & Mutations

Your natural rate of healing is accelerated.
You have razor-sharp teeth.
You have supernaturally acute eyesight. (SInv)
You are afflicted with vampirism and can become a bat while bloodless.


Message History

Items here: ) †††.
You slash the goblin!
You kill the goblin!
Things that are here:
a +0 club; a +1 antimagic sling; a goblin corpse MP restored: 13 You start resting.
HP restored.
Health restored: 33
There is a stone staircase leading down here.
You climb downwards.
Level annotation: Jessica, Robin The goblin hits you with a +0 dagger.
The rat bites you but does no damage. The goblin barely misses you.
Robin throws the goblin at you! The goblin hits you but does no damage.
The rat bites you. The goblin hits you with a +0 club.
Robin flexes a bicep menacingly.
The goblin misses you.
There is a stone staircase leading up, spattered with blood here.
You take 6 damage, and have 27/33 hp.
The goblin hits you but does no damage. The rat misses you.
The goblin closely misses you. The goblin misses you.
The goblin hits you with a +0 club. Robin hits you but does no damage.
You climb upwards.
There is a stone staircase leading down here.
You barely miss the goblin. The goblin misses you.
The goblin hits you with a +0 club.
Robin roars a battlecry!
The goblins go into a battle-frenzy!
The goblin hits you but does no damage. The rat bites you.
The goblin barely misses you.
You take 3 damage, and have 24/33 hp.
You completely miss the goblin. The goblin closely misses you.
The goblin hits you with a +0 club.
Robin hits you with a +1 short sword of electrocution.
You are electrocuted!
Ouch! That really hurt!
* * * LOW HITPOINT WARNING * * *
The goblin hits you with a +0 club.
You die...

#.#.# #.##.#.............
#.#.# #.##.#.............
#.#.# #.##.#.....†.......
#.#.# #.##.#.............
#.#.# #.##.#.......###...
##.#.# #)##.#.[.....# #...
#....# #)##.#.......###...
############grg...........+...
#.......@g........####...
#.....[gg#..#####....#...
#......#.##.########.....
#......#.##.##.......#...
#......#.##.#......###...
#......#)##)#.....####...
######......#.##.#....##.##...
#....'......#.##.#...##..##...
##.###......#.##.#..##...##...


You could see Robin, 4 goblins and a rat.

Vanquished Creatures
  Natasha (D:1)
  An adder (D:2)
  2 dart slugs
  2 endoplasms (D:2)
  2 giant cockroaches
  6 goblins
  5 hobgoblins
  5 jackals (D:1)
  A quokka (D:1)
  3 ball pythons
  A bat (D:1)
  2 frilled lizards (D:1)
  4 kobolds
  3 rats (D:1)
38 creatures vanquished.

Notes
Turn   | Place    | Note
-------+----------+-------------------------------------------
     0 | D:1      | jasper the Vampire Gladiator began the quest for the Orb.
     0 | D:1      | Reached XP level 1. HP: 16/16 MP: 1/1
    87 | D:1      | Reached XP level 2. HP: 21/22 MP: 2/2
   379 | D:1      | Reached skill level 4 in Long Blades
  1053 | D:2      | Noticed Natasha
  1097 | D:2      | Noticed Jessica
  1104 | D:1      | Gained mutation: You are afflicted with vampirism and can
                  | become a bat while bloodless. [Vampire growth]
  1104 | D:1      | Reached XP level 3. HP: 10/27 MP: 3/3
  1181 | D:1      | Killed Natasha
  1256 | D:2      | Reached XP level 4. HP: 33/33 MP: 4/4
  1317 | D:2      | Reached skill level 5 in Long Blades
  1317 | D:2      | Noticed Robin
  1365 | D:1      | Slain by a goblin

Illustrated notes

Levels and vault maps discovered:
D:1:      giann_horns, layout_basic, nicolae_houndstooth_variations
D:2:      layout_rooms, dreamdust_ecumenical_altar_hidden_monk_grotto,
          uniq_jessica, uniq_natasha, uniq_robin

Skill      XL: |  1  2  3  4 |
---------------+-------------+-----
Long Blades    | 4 5 |  5.0
Fighting       | |  1.7
Throwing       | |  1.5
Dodging        | |  3.2

Action                     |  1- 3 |  4- 6 || total
---------------------------+-------+-------++-------
  Melee: Long sword        |    72 |    20 ||    92
         Bite              |     7 |     2 ||     9
    Use: Scroll            |     7 |       ||     7
   Stab: Distracted        |     1 |       ||     1
 Armour: Leather armour    |    47 |    38 ||    85
  Dodge: Dodged            |    57 |    50 ||   107

Table legend: (Time is in decaauts)
 A = Elapsed time spent in this place.
 B = Non-inter-level travel time spent in this place.
 C = Inter-level travel time spent in this place.
 D = Time resting spent in this place.
 E = Time spent auto-exploring this place.
 F = Levels seen in this place.
 G = Mean time per level.
                   A        B        C        D        E       F      G
               +--------+--------+--------+--------+--------+-----+--------+
         Total |   1385 |   1311 |     74 |    223 |    743 |   2 |  692.5 |
       Dungeon |   1385 |   1311 |     74 |    223 |    743 |   2 |  692.5 |
               +--------+--------+--------+--------+--------+-----+--------+

Top non-repeatable levels by time:
     D:1: 1240 daAuts
     D:2: 144 daAuts
